 Dungeon Crawl Stone Soup version 0.28.0-53-g5a82cb258f (webtiles) character file.

Game seed: 10639195635630370490

25307 evanesce the Cleaver (level 13, -6/92 HPs)
             Began as a Djinni Hedge Wizard on Aug 5, 2022.
             Was a High Priest of Nemelex Xobeh.
             Shot with a bolt by an orc knight (26 damage)
             ... on level 2 of the Orcish Mines on Aug 12, 2022.
             The game lasted 01:47:07 (22413 turns).

evanesce the Cleaver (Djinni Hedge Wizard)         Turns: 22413, Time: 01:47:07

Health: -6/92      AC: 10    Str:  9    XL:     13   Next: 49%
Gold:   1336       EV: 20    Int: 25    God:    Nemelex Xobeh [*****.] SH:  0 Dex: 19

rFire   + + .      SeeInvis .   R - +7 war axe of Wariness {elec, Fly rF- Dex+4 Stlth+}
rCold   x . .      Faith    .   (no shield)
rNeg    . . .      Spirit   .   e - +2 robe {Will+}
rPois   ∞          Reflect  .   Y - +5 helmet "Locs" {rF+ rCorr MP+9}
rElec   .          Harm     .   (no cloak)
rCorr   +          Rampage  .   (no gloves)
Will    ++...                   (boots unavailable)
Stlth   +++.......              (no amulet)
HPRegen 0.25/turn               w - +6 ring of intelligence
MPRegen 0.00/turn               J - +4 ring of evasion

@: elixired, flying
A: sickness immunity, fire resistance 2, cold vulnerability 1, float, innate
caster, HP casting, extra vitality 1
a: Renounce Religion, Draw Escape, Draw Destruction, Draw Summoning, Triple
Draw, Deal Four, Stack Five


You were on level 2 of the Orcish Mines.
You worshipped Nemelex Xobeh.
Nemelex Xobeh was extremely pleased with you.
You visited 3 branches of the dungeon, and saw 15 of its levels.
You also visited: Sewer.

You collected 1336 gold pieces.

Inventory:

Hand Weapons
 R - the +7 war axe of Wariness (weapon) {elec, Fly rF- Dex+4 Stlth+}
   (You took it off an orc priest on level 7 of the Dungeon)

   It occasionally discharges a powerful burst of electricity upon striking a
   foe.
   Dex:       It affects your dexterity (+4).
   rF:        It makes you vulnerable to fire.
   Fly:       It grants you flight.
   Stlth:     It makes you more stealthy.
Missiles
 c - 3 boomerangs of dispersal
 z - 2 throwing nets
Armour
 e - a +2 robe of willpower (worn)
 Y - the +5 helmet "Locs" (worn) {rF+ rCorr MP+9}
   (You found it on level 10 of the Dungeon)

   rF:        It protects you from fire.
   MP:        It affects your magic capacity (+9).
   rCorr:     It protects you from acid and corrosion.
Magical Staves
 f - a staff of air
 h - a staff of cold
 y - a staff of fire
Jewellery
 q - a ring of fire
 w - a +6 ring of intelligence (left hand)
 I - a +6 ring of dexterity
 J - a +4 ring of evasion (right hand)
Wands
 g - a wand of mindburst (6)
 s - a wand of acid (4)
 D - a wand of polymorph (12)
 T - a wand of iceblast (8)
Scrolls
 b - 3 scrolls of teleportation
 d - 3 scrolls of vulnerability
 r - 2 scrolls of torment {unknown}
 t - a scroll of immolation {unknown}
 v - a scroll of brand weapon {unknown}
 x - a scroll of fog {unknown}
 A - a scroll of silence {unknown}
 F - 2 scrolls of blinking {unknown}
 G - a scroll of acquirement {unknown}
 L - 2 scrolls of noise {unknown}
 M - a scroll of summoning {unknown}
 O - a scroll of holy word {unknown}
 U - a scroll of magic mapping {unknown}
 W - 2 scrolls of enchant armour {unknown}
 Z - a scroll of enchant weapon {unknown}
Potions
 a - a potion of attraction
 i - 3 potions of curing
 j - a potion of flight {unknown}
 l - 4 potions of haste
 p - 3 potions of cancellation
 u - 2 potions of berserk rage
 B - 3 potions of brilliance
 C - 2 potions of magic {unknown}
 H - 2 potions of heal wounds {unknown}
 K - 3 potions of resistance
 N - a potion of invisibility {unknown}
 P - 4 potions of might
 Q - 2 potions of mutation {unknown}
 V - 2 potions of lignification {unknown}


   Skills:
 + Level 8.2 Fighting
 - Level 14.0 Axes
 + Level 7.2 Dodging
 - Level 1.5 Stealth
 + Level 6.9 Spellcasting
 - Level 5.1 Invocations


You couldn't memorise any spells.
You knew the following spells:

 Your Spells              Type           Power      Damage    Failure   Level
a - Magic Dart            Conj           100%       1d8       1%          1
b - Borgnjor's Vile Clut  Necr/Erth      21%        N/A       11%         5
f - Conjure Flame         Conj/Fire      43%        6-21      1%          3
i - Call Imp              Summ           43%        N/A       1%          2
k - Animate Skeleton      Necr           86%        N/A       1%          1
m - Mephitic Cloud        Conj/Pois/Air  43%        N/A       1%          3
o - Ozocubu's Armour      Ice            43%        N/A       1%          3
r - Searing Ray           Conj           86%        2d7       1%          2
s - Slow                  Hex            100%       N/A       1%          1
v - Summon Mana Viper     Hex/Summ       43%        N/A       11%         5
B - Blink                 Tloc           86%        N/A       1%          2
I - Inner Flame           Hex/Fire       43%        N/A       1%          3
Your spell library was empty.

Dungeon Overview and Level Annotations

Branches:
Dungeon (12/15)            Temple (1/1) D:7            Lair (0/6) D:9
    Orc (2/2) D:12            Elf (0/3) Orc:2         Sewer (visited)

Altars:
Ashenzari
Cheibriados
Dithmenos
Elyvilon
Fedhas
Gozag
Hepliaklqana
Kikubaaqudgha
Makhleb
Nemelex Xobeh
Ru
Sif Muna
Trog
Uskayaw
Vehumet
Wu Jian
Xom
Yredelemnul
Zin
The Shining One
Jiyva

Shops:
D:1 (   D:2 (   D:6 [   D:7 (   D:9 *?:   Orc:2 =

Annotations:
D:3 exclusion: downstairs
D:4 Sigmund
D:5 3 runed translucent doors, exclusions: 4 doors and downstairs, Lance11888's ghost, novice HOFi
D:6 exclusion: downstairs
D:7 exclusion: downstairs
D:8 exclusion: downstairs
D:11 3 runed translucent doors, exclusion: 3 doors, Stomo's ghost, novice DsFi
Orc:1 exclusion: downstairs


Innate Abilities, Weirdness & Mutations

You are immune to sickness and miasma.
You are immune to poison.
Your flesh is very heat resistant. (rF++)
You are vulnerable to cold. (rC-)
You float through the air rather than walking.
You learn spells naturally, not from books.
Your magical power is your life essence.
You have superior vitality. (+4 MHP)


Message History

Aim: an orc knight, wielding a +0 arbalest, wearing a +0 chain mail and quivering bolts (100% to hit)
Zombie hands grab the orc knight.
The zombie hands constrict the orc knight.
The orc knight shoots a bolt.
The bolt hits you!!
* * * LOW HITPOINT WARNING * * *
You feel better.
The zombie hands constrict the orc knight.
The orc knight shoots a bolt.
The bolt hits you.
* * * LOW HITPOINT WARNING * * *
Okay, then.
Unknown command.
Unknown command.
Okay, then.
Unknown command.
Unknown command.
Unknown command.
Casting: Borgnjor's Vile Clutch (dangerous; 11% risk of failure)
Confirm with . or Enter, or press ? or * to list all spells.
Okay, then.
Unknown command.
Unknown command.
Okay, then.
Okay, then.
Unknown command.
Okay, then.
Unknown command.
You draw a card...
You have drawn Exile.
The zombie hands constrict the orc knight!!
The orc knight shoots a bolt.
The bolt completely misses you.
Okay, then.
You draw... (choose one card, ? for their descriptions)
a - the Elixir
b - the Elixir c - Velocity You have drawn the Elixir.
You begin rapidly regenerating health and magic.
The zombie hands constrict the orc knight!
The orc knight shoots a bolt.
The bolt hits you!!
You die...
Your body glows with a rainbow of weird colours and disappears.

###..............)
##.####........#...
#...##.............
##)##.#............
##.#......#......).
####.))........)......
##.##))................
#...)....).............
#..)))@)............... ##
##o)...................
##.###)#####################
#...#.)<## #.......#
#.......# #....4..#
#.....#.).# #.......4)o#


You could see an orc knight (clutched).

Vanquished Creatures
  Fannar (D:11)
  3 two-headed ogres
  Erica (D:11)
  A centaur warrior (D:11)
  An orc high priest (Orc:2)
  Pikel (D:4)
  3 orc knights (Orc:2)
  2 wizards (D:11)
  An ugly thing (D:12)
  A cyclops (D:11)
  A gargoyle (D:12)
  An unseen horror (D:11)
  A kobold demonologist (D:12)
  2 komodo dragons (D:9)
  A freezing wraith (D:11)
  A hornet (D:9)
  A shadow (D:12)
  A wraith (D:9)
  16 yaks
  Eustachio (D:5)
  4 vampire mosquitoes
  2 steam dragons
  A basilisk (shapeshifter) (D:11)
  A basilisk (D:12)
  A vampire (D:11)
  Edmund (D:5)
  5 wargs
  A water moccasin (D:5)
  2 acid dragons
  A hornet zombie (D:6)
  35 orc warriors
  A black bear (D:7)
  An ice beast (D:8)
  7 ogres
  5 centaurs
  2 wolves (Orc:2)
  A phantom (D:5)
  2 kobold brigands
  6 bullfrogs
  2 gnoll sergeants
  A wyvern zombie (D:8)
  2 scorpions
  16 killer bees
  A wight (D:7)
  2 electric eels (D:9)
  3 howler monkeys (D:12)
  A vampire bat (Orc:1)
  2 bullfrog zombies
  6 centaur zombies
  2 hounds
  3 jellies
  A centaur skeleton (D:7)
  28 orc priests
  Jessica (D:3)
  A scorpion zombie (D:5)
  21 orc wizards
  2 iguanas
  A killer bee zombie (D:7)
  A mummy (D:6)
  A howler monkey zombie (D:6)
  10 gnolls
  A howler monkey skeleton (D:6)
  11 adders
  2 river rats (Sewer)
  3 shadow imps
  A white imp (D:6)
  A worm (D:5)
  A dart slug (D:3)
  62 orcs
  7 ball pythons
  12 bats
  9 endoplasms
  4 giant cockroaches
  10 goblins
  5 hobgoblins
  8 jackals
  5 quokkas
  5 frilled lizards
  10 kobolds
  2 kobold zombies (D:6)
  6 rats
393 creatures vanquished.

Vanquished Creatures (collateral kills)
  A centaur warrior (D:11)
  An ugly thing (D:11)
  A slime creature (D:11)
  A vampire mosquito (D:11)
  3 wargs (Orc:2)
  An orc warrior (Orc:2)
  A wolf (Orc:2)
  A bullfrog zombie (D:5)
  2 orc priests (Orc:2)
  An iguana (D:5)
  2 orc wizards (Orc:2)
  3 gnolls (Orc:2)
  An adder (D:5)
  2 orcs (Orc:2)
  An endoplasm (D:3)
  A goblin (D:3)
  A hobgoblin (D:3)
24 creatures vanquished.

Vanquished Creatures (others)
  A hound (D:6)
  4 fungi (D:9)
  6 plants (D:9)
11 creatures vanquished.

Grand Total: 428 creatures vanquished

Notes
Turn   | Place    | Note
-------+----------+-------------------------------------------
     0 | D:1      | evanesce the Djinni Hedge Wizard began the quest for the
                  | Orb.
     0 | D:1      | Reached XP level 1. HP: 15/15 MP: 0/0
   453 | D:1      | Reached XP level 2. HP: 20/22 MP: 0/0
   486 | D:1      | Reached skill level 1 in Fighting
   605 | D:1      | Found a faded altar of an unknown god.
   618 | D:1      | Prayed at the altar of an unknown god.
   618 | D:1      | Became a worshipper of Nemelex Xobeh the Trickster
   618 | D:1      | Reached * piety under Nemelex Xobeh
   918 | D:1      | Reached XP level 3. HP: 10/28 MP: 0/0
   918 | D:1      | Learned a level 1 spell: Animate Skeleton
  1627 | D:1      | Found Haxzaum's Weapon Boutique.
  1959 | D:2      | Received a gift from Nemelex Xobeh
  2033 | D:2      | Reached XP level 4. HP: 33/33 MP: 0/0
  2088 | D:2      | Found Vitetsya's Weapon Boutique.
  2140 | D:2      | Reached ** piety under Nemelex Xobeh
  2911 | D:3      | Noticed Jessica
  2912 | D:3      | Killed Jessica
  2936 | D:3      | Reached XP level 5. HP: 29/40 MP: 0/0
  2936 | D:3      | Learned a level 2 spell: Searing Ray
  3289 | D:3      | Identified the +0 scale mail of Fioxubbi {*Slow rPois
                  | Will+}
  3850 | D:4      | Noticed a centaur
  3970 | D:4      | Noticed an ogre
  3977 | D:4      | Killed an ogre
  3978 | D:4      | Reached XP level 6. HP: 38/46 MP: 0/0
  4112 | D:4      | Reached XP level 7. HP: 34/50 MP: 0/0
  4112 | D:4      | Learned a level 3 spell: Ozocubu's Armour
  4340 | D:4      | Noticed Pikel
  4344 | D:4      | Killed Pikel
  4345 | D:4      | Reached skill level 5 in Spellcasting
  4345 | D:4      | Reached XP level 8. HP: 53/56 MP: 0/0
  4398 | D:4      | Noticed Sigmund
  4602 | D:4      | Reached *** piety under Nemelex Xobeh
  4804 | D:4      | Reached skill level 1 in Invocations
  5117 | D:4      | Found a burning altar of Makhleb.
  5117 | D:4      | Found a hazy altar of Hepliaklqana.
  5232 | D:5      | Entered Level 5 of the Dungeon
  5322 | D:5      | Found a basalt altar of Yredelemnul.
  5342 | D:5      | Noticed Edmund
  5360 | D:5      | Killed Edmund
  5525 | D:5      | Noticed a yak
  5528 | D:5      | Noticed a yak
  5529 | D:5      | Noticed a yak
  5542 | D:5      | Noticed a yak
  5543 | D:5      | Killed a yak
  5544 | D:5      | Reached skill level 5 in Fighting
  5550 | D:5      | Noticed a yak
  5554 | D:5      | Killed a yak
  5555 | D:5      | Reached XP level 9. HP: 49/65 MP: 0/0
  5555 | D:5      | Learned a level 3 spell: Inner Flame
  5561 | D:5      | Reached skill level 5 in Invocations
  5843 | D:5      | Noticed Eustachio
  5867 | D:5      | Killed Eustachio
  5868 | D:5      | Reached skill level 5 in Dodging
  5957 | D:5      | Found a runed translucent gate.
  5958 | D:5      | Found a runed translucent gate.
  5958 | D:5      | Found a runed translucent gate.
  5962 | D:5      | Noticed Lance11888's ghost (novice HOFi)
  6016 | D:5      | Found a broken altar of Ashenzari.
  6760 | D:6      | Found a snail-covered altar of Cheibriados.
  6831 | D:6      | Found a glowing drain.
  6840 | Sewer    | Entered a sewer
  6840 | Sewer    | Received a gift from Nemelex Xobeh
  7056 | Sewer    | Reached XP level 10. HP: 55/75 MP: 0/0
  7206 | Sewer    | Found a viscous altar of Jiyva.
  7354 | D:6      | Received a gift from Nemelex Xobeh
  7370 | D:6      | Found Goiqiot's Armour Emporium.
  8067 | D:6      | Reached **** piety under Nemelex Xobeh
  9295 | D:7      | Identified the +7 war axe of Wariness {elec, Fly rF- Dex+4
                  | Stlth+}
  9564 | D:7      | Found a staircase to the Ecumenical Temple.
  9615 | Temple   | Entered the Ecumenical Temple
  9783 | D:7      | Reached skill level 1 in Axes
  9808 | D:7      | Found a glowing golden altar of the Shining One.
  9851 | D:7      | Found Jyuro's Weapon Emporium.
 10077 | D:7      | Reached skill level 2 in Axes
 10317 | D:7      | Reached skill level 3 in Axes
 11360 | D:8      | Found a glowing silver altar of Zin.
 11383 | D:8      | Received a gift from Nemelex Xobeh
 11392 | D:8      | Found an ornate altar of the Wu Jian Council.
 11706 | D:8      | Reached skill level 4 in Axes
 12196 | D:9      | Found Olusi's Book Shop.
 12226 | D:9      | Reached skill level 5 in Axes
 12226 | D:9      | Reached XP level 11. HP: 61/81 MP: 0/0
 12226 | D:9      | Learned a level 5 spell: Borgnjor's Vile Clutch
 12439 | D:9      | Reached skill level 6 in Axes
 12931 | D:9      | Reached ***** piety under Nemelex Xobeh
 12994 | D:9      | Found Vaboxinn's General Store.
 13271 | D:9      | Found a staircase to the Lair.
 13423 | D:9      | Found Esoanuj's Magic Scroll Emporium.
 13439 | D:9      | Received a gift from Nemelex Xobeh
 13709 | D:9      | Reached skill level 7 in Axes
 14266 | D:10     | Entered Level 10 of the Dungeon
 14304 | D:10     | Identified the +5 helmet "Locs" {rF+ rCorr MP+9}
 14341 | D:10     | Received a gift from Nemelex Xobeh
 14592 | D:10     | Reached skill level 8 in Axes
 14865 | D:10     | Noticed a two-headed ogre
 14914 | D:9      | Killed a two-headed ogre
 15578 | D:10     | Received a gift from Nemelex Xobeh
 15598 | D:10     | Reached skill level 9 in Axes
 15863 | D:11     | Noticed a red ugly thing
 15863 | D:11     | Noticed a wizard
 15863 | D:11     | Noticed a wizard
 15863 | D:11     | Noticed a centaur warrior
 15865 | D:11     | Identified the -1 trident "Liudghat" {flame, Will+++ Dex+4
                  | Stlth+}
 15866 | D:11     | Noticed a centaur warrior
 15869 | D:11     | Killed a wizard
 15869 | D:11     | Killed a centaur warrior
 15869 | D:11     | Killed a wizard
 15870 | D:11     | Reached skill level 10 in Axes
 15870 | D:11     | Reached XP level 12. HP: 78/86 MP: 0/0
 15870 | D:11     | Killed a centaur warrior
 15884 | D:11     | Noticed Erica
 16274 | D:11     | Found a runed translucent gate.
 16274 | D:11     | Found a runed translucent gate.
 16274 | D:11     | Found a runed translucent gate.
 16305 | D:11     | Noticed a two-headed ogre
 16325 | D:11     | Killed a two-headed ogre
 16326 | D:11     | Reached skill level 11 in Axes
 16560 | D:11     | Received a gift from Nemelex Xobeh
 16570 | D:11     | Noticed Fannar
 16619 | D:11     | Killed Fannar
 16722 | D:11     | Found Zin's Purification Station.
 16725 | D:11     | Found a glowing silver altar of Zin.
 16792 | D:11     | Noticed Stomo's ghost (novice DsFi)
 16936 | D:11     | Killed Erica
 17501 | D:12     | Noticed a soul eater
 17519 | D:12     | Received a gift from Nemelex Xobeh
 17605 | D:12     | Noticed a two-headed ogre
 17623 | D:12     | Killed a two-headed ogre
 17628 | D:12     | Noticed Erolcha
 17648 | D:12     | Noticed Erolcha
 17648 | D:12     | Erolcha changed into Erolcha the basilisk
 17652 | D:12     | Killed Erolcha the basilisk
 17653 | D:12     | Reached skill level 12 in Axes
 18544 | D:12     | Found a staircase to the Orcish Mines.
 18596 | Orc:1    | Entered Level 1 of the Orcish Mines
 19160 | Orc:2    | Entered Level 2 of the Orcish Mines
 19252 | Orc:2    | Reached ****** piety under Nemelex Xobeh
 19262 | Orc:2    | Reached XP level 13. HP: 84/92 MP: 0/0
 19262 | Orc:2    | Learned a level 5 spell: Summon Mana Viper
 19463 | Orc:2    | Received a gift from Nemelex Xobeh
 19882 | Orc:2    | Found a staircase to the Elven Halls.
 19901 | Orc:2    | Reached skill level 13 in Axes
 19906 | Orc:2    | Found Doveag's Jewellery Shop.
 22403 | Orc:2    | Reached skill level 14 in Axes
 22413 | Orc:2    | Shot with a bolt by an orc knight

Illustrated notes

Levels and vault maps discovered:
D:1:      erik_arrival_triangle_medium, layout_loops_ring, serial_shops,
          shop_fountains, hellmonk_ecumenical_altar_crossroads
D:2:      layout_loops_ring, serial_shops, nicolae_shop_stone
D:3:      layout_rooms, hex_tiny, minmay_hedge_maze, minmay_surrounded,
          uniq_jessica
D:4:      layout_basic, gammafunk_temple_overflow_claw,
          minmay_a_box_with_orc_wizards_in_it, uniq_pikel, uniq_sigmund
D:5:      layout_rooms, yredelemnul_forgotten_temple_becter,
          nicolae_overflow_crystal_walls, gammafunk_ghost_split, uniq_eustachio,
          uniq_edmund
D:6:      layout_gridville, marbit_many_paths, serial_shops, kennysheep_mini,
          nicolae_ossuary_entry_giza, portal_sewer_entry_d
D:7:      layout_loops_cross, amcnicky_altar_gilded, minmay_temple_entry_wispy,
          serial_shops, nicolae_shop_bloodbath_and_beyond, wad_rectangle_vault
D:8:      layout_basic, mainiacjoe_overflow_cross_hatched,
          mainiacjoe_overflow_big_doors, kennysheep_little_box
D:9:      minmay_recursive_quarters, layout_stronghold, david_lair_shrubbed,
          serial_shops, shop, nicolae_shop_hallway_stairs,
          nicolae_shop_hallway_plus, hangedman_abyss_or_decor_stabs,
          water_boxes_lemuel
D:10:     layout_irregular_city, grunt_ministairs_8
D:11:     minmay_ambush_box, layout_basic, gammafunk_ghost_icy, zin_purify,
          uniq_erica, uniq_fannar
D:12:     layout_cave_pools, orc_0_dummy, serial_co_window_serial,
          co_window_paths_a, co_window_corner_a, co_window_cross_1,
          co_window_paths_a, co_window_paths_a, co_window_corner_a,
          co_window_corner_a, co_window_corner_a, co_window_paths_b,
          co_window_paths_c, co_window_broadway_c, co_window_corner_cb,
          co_window_unsneaky_path_b, glass_columns_a, glass_columns_a,
          nicolae_wu_jian_glorious_leap, uniq_erolcha
Temple:   pf_slime_end_temple
Orc:1:    layout_caves, roderic_batcave, uniq_urug
Orc:2:    st_orc_pillars, layout_caves, serial_shops, shop, mines5_lemuel

Skill      XL: |  1  2  3  4  5  6  7  8  9 10 11 12 13 |
---------------+----------------------------------------+-----
Fighting       | 1 2 3 5 7 8 |  8.2
Dodging        | 3 4 6 7 |  7.2
Spellcasting   | 3 4 5 6 |  6.9
Invocations    | 3 5 |  5.1
Axes           | 5 10 12 14 | 14.0
Stealth        | |  1.5

Action                   |  1- 3 |  4- 6 |  7- 9 | 10-12 | 13-15 || total
-------------------------+-------+-------+-------+-------+-------++-------
Melee: Dagger            |    31 |    18 |    17 |    32 |       ||    98
       Punch             |       |     1 |       |     9 |     1 ||    11
       War axe           |       |       |       |   187 |   123 ||   310
 Cast: Magic Dart        |    56 |    56 |    52 |    82 |    19 ||   265
       Slow              |     4 |     4 |     1 |     2 |       ||    11
       Call Imp          |     1 |     2 |     2 |       |       ||     5
       Blink             |     1 |       |     1 |     7 |       ||     9
       Animate Skeleton  |       |     3 |     9 |    21 |     1 ||    34
       Searing Ray       |       |    11 |    38 |    96 |    20 ||   165
       Conjure Flame     |       |     1 |     1 |    11 |       ||    13
       Mephitic Cloud    |       |     1 |     6 |    41 |    11 ||    59
       Ozocubu's Armour  |       |       |     3 |     6 |     2 ||    11
       Borgnjor's Vile C |       |       |       |    19 |    36 ||    55
       Summon Mana Viper |       |       |       |       |     4 ||     4
Invok: Draw Destruction  |     1 |     2 |     3 |     8 |     3 ||    17
       Draw Summoning    |       |       |       |     2 |       ||     2
       Triple Draw       |       |       |       |       |     1 ||     1
       Draw Escape       |       |       |       |       |     1 ||     1
Evoke: Wand              |       |       |     2 |     5 |       ||     7
  Use: Scroll            |       |       |     1 |     9 |       ||    10
       Potion            |       |       |       |     2 |     1 ||     3
 Stab: Confused          |       |       |       |    14 |     6 ||    20
       Sleeping          |       |       |       |     1 |       ||     1
       Distracted        |       |       |       |     1 |       ||     1
Armor: Robe              |     3 |     2 |    13 |    55 |    16 ||    89
Dodge: Dodged            |    17 |    19 |    47 |   301 |    86 ||   470
